 Dungeon Crawl Stone Soup version 0.30-a0-782-ge64f9170bb (webtiles) character file.

Game seed: 4939251127300755211

1910 theswoord the Cruncher (level 8, 0/78 (84) HPs)
             Began as a Demonspawn Gladiator on Mar 13, 2023.
             Slain by Maggie
             ... wielding a +3 heavy long sword
              (10 damage)
             ... on level 6 of the Dungeon.
             The game lasted 00:09:17 (5779 turns).

theswoord the Cruncher (Demonspawn Gladiator)       Turns: 5779, Time: 00:09:17

HP:   0/78 (84)     AC: 24    Str: 12    XL:     8   Next: 94%
MP:   0/8           EV:  2    Int: 10    God:
Gold: 453           SH:  0    Dex: 15    Spells: 7/7 levels left

rFire   + + +      SeeInvis .    a - +1 quarterstaff (vamp)
rCold   + + +      Faith    +    (shield currently unavailable)
rNeg    . . .      Spirit   +    (body armour currently unavailable)
rPois   +          Reflect  .    (helmet currently unavailable)
rElec   .          Harm     .    (cloak currently unavailable)
rCorr   +          Rampage  .    (gloves currently unavailable)
Will    .....      NoTele   +    (boots currently unavailable)
Stlth   +                        i - amulet of Olozok {Faith rF+++ rC+++ Will- Str-4}
HPRegen 0.33/turn                k - ring of resist corrosion
MPRegen 0.22/turn                (no ring)

@: tree-form, drained, invisible
A: stationary, stasis, torment immunity, boosted hp, (claws 1), (molten scales
1), magic shield, magic regeneration
a: no special abilities


You were on level 6 of the Dungeon.
You were a tree.
You visited 1 branch of the dungeon, and saw 6 of its levels.

You collected 453 gold pieces.

Inventory:

Hand Weapons
 a - a +1 vampiric quarterstaff (weapon)
Armour
 b - a +0 leather armour
 c - a +0 helmet (melded)
 v - a +3 ring mail of willpower (melded)
Jewellery
 i - the amulet of Olozok (around neck) {Faith rF+++ rC+++ Will- Str-4}
   (You acquired it on level 2 of the Dungeon)

   [amulet of faith]

   It allows you to gain divine favour quickly.
   Str:       It affects your strength (-4).
   rF:        It renders you almost immune to fire.
   rC:        It renders you almost immune to cold.
   Will:      It decreases your willpower.
 k - a ring of resist corrosion (left branch)
 r - a ring of protection from cold
 C - an amulet of the acrobat
Scrolls
 d - a scroll of identify
 g - 2 scrolls of fear
 l - 2 scrolls of enchant weapon
 o - 2 scrolls of teleportation
 q - 2 scrolls of noise
 t - 2 scrolls of vulnerability
 w - 2 scrolls of blinking
 B - a scroll of amnesia
 D - a scroll of brand weapon
Potions
 f - 3 potions of mutation
 n - a potion of berserk rage
 p - 3 potions of brilliance
 A - a potion of flight


   Skills:
 - Level 2.0 Fighting
 + Level 11.0 Staves
 - Level 1.7 Throwing
 - Level 2.6 Dodging


You had 7 spell levels left.
You didn't know any spells.
Your spell library was empty.

Dungeon Overview and Level Annotations

Branches:
Dungeon (6/15)
 Temple: D:4-7

Altars:
Fedhas
Ru
Uskayaw
Wu Jian
Yredelemnul

Shops:
D:2 :

Annotations:
D:6 Maggie


Innate Abilities, Weirdness & Mutations

You are a tree.
Your roots penetrate the ground, keeping you stationary.
You cannot be teleported.
You are immune to unholy pain and torment.
Your maximum health is greatly increased.
Your equipment is partially melded.
((You have sharp fingernails.))
((You are partially covered in molten scales. (AC +2)))
When hurt, damage is shared between your health and your magic reserves.
You regenerate magic rapidly.


Message History

Your Staves skill increases to level 11!
You barely miss Maggie.
Maggie gestures wildly while chanting.
Maggie attempts to bespell you!
You are mesmerised by Maggie!
You closely miss Maggie.
Maggie hits you with a +3 heavy long sword!
You completely miss Maggie. You closely miss Maggie.
Maggie mumbles the words to a spell, but in the wrong order.
Maggie hits you with a +3 heavy long sword.
* * * LOW HITPOINT WARNING * * *
Aim: Maggie, wielding a +3 heavy long sword and wearing +0 steam dragon scales (moderately wounded, mesmerising, 71% to hit)
The bolt of light misses Maggie.
The now-empty wand crumbles to dust.
You closely miss Maggie.
Maggie hits you with a +3 heavy long sword!
* * * LOW HITPOINT WARNING * * *
You are too mesmerised to rage.
You fade into invisibility!
You feel better. Maggie closely misses you.
You strike the helpless Maggie from behind!
You hit Maggie.
You feel better.
Maggie hits you with a +3 heavy long sword!
* * * LOW HITPOINT WARNING * * *
You hit Maggie. You hit Maggie.
You feel better.
Maggie hits you with a +3 heavy long sword!!
* * * LOW HITPOINT WARNING * * *
It was a potion of flight.
You feel very buoyant.
You fly up into the air.
It was a potion of magic.
Magic courses through your body. Maggie closely misses you.
Really quaff the potion of lignification?
You turn into a tree.
Your +0 helmet melds into your body.
Your +3 ring mail of willpower melds into your body.
You feel less strong-willed.
Your roots penetrate the ground.
You break out of your daze.
Maggie hits you with a +3 heavy long sword!!
You die...

#.)#.~≈.# ##.###..
#)8#.≈~.# ##.#.#.
#.##.~~.# ##.##..)
#)##.~~.###.###...
#.##.~≈.##.#.##.#.
#..#.≈≈.#.###.##..
#.8#.~~.#.###.#...
#.##.~~.##)##.##..
#♣##.~~.##.#.##.#.
#@##.~~..###.##...
#.$#.~~.#.##.##...
/.....[.8#.~~.##.##.#.#.
#.##.######≈≈####))###..
# ### #####... ###. #>
#.


You could see Maggie (unable to see you).

Vanquished Creatures
  Prince Ribbit (D:6)
  Sigmund (D:4)
  A water moccasin (D:3)
  An orc warrior (D:6)
  A sky beast (D:6)
  2 black bears
  An ogre (D:5)
  A centaur (D:5)
  A phantom (D:4)
  A necrophage (D:6)
  An electric eel (D:6)
  2 howler monkeys (D:5)
  3 jellies
  3 orc priests
  5 hounds
  3 iguanas (D:5)
  3 orc wizards (D:6)
  A gnoll (D:6)
  8 adders
  2 white imps (D:5)
  A worm (D:3)
  2 dart slugs
  The ghost of Takeo the Sneak, a weakling SpDe (D:5)
  14 orcs
  7 bats
  8 endoplasms
  3 giant cockroaches
  5 goblins
  5 hobgoblins
  2 jackals (D:1)
  2 quokkas
  7 ball pythons
  2 frilled lizards
  6 kobolds
  4 rats
111 creatures vanquished.

Vanquished Creatures (others)
  An adder (D:6)
  3 plants (D:1)
4 creatures vanquished.

Grand Total: 115 creatures vanquished

Notes
Turn   | Place    | Note
-------+----------+-------------------------------------------
     0 | D:1      | theswoord the Demonspawn Gladiator began the quest for the
                  | Orb.
     0 | D:1      | Reached XP level 1. HP: 16/16 MP: 1/1
     1 | D:1      | Found a faded altar of an unknown god.
   120 | D:1      | Reached skill level 3 in Staves
   135 | D:1      | Gained mutation: You have sharp fingernails. [demonic
                  | ancestry]
   135 | D:1      | Reached XP level 2. HP: 17/22 MP: 2/2
   648 | D:2      | Found Rick's Book Shop.
   656 | D:2      | Identified a scroll of acquirement
   656 | D:2      | Acquired the amulet of Olozok {Faith rF+++ rC+++ Will-
                  | Str-4}
   731 | D:2      | Gained mutation: You are partially covered in molten
                  | scales. (AC +2) [demonic ancestry]
   731 | D:2      | Reached XP level 3. HP: 26/27 MP: 3/3
  1347 | D:3      | Reached skill level 4 in Staves
  1532 | D:3      | Reached XP level 4. HP: 28/33 MP: 4/4
  1654 | D:3      | Found a sacrificial altar of Ru.
  1656 | D:3      | Noticed a water moccasin
  1687 | D:3      | Killed a water moccasin
  1688 | D:3      | Reached skill level 5 in Staves
  1688 | D:3      | Reached XP level 5. HP: 36/38 MP: 5/5
  2081 | D:3      | Reached skill level 6 in Staves
  2155 | D:4      | Noticed a phantom
  2178 | D:4      | Killed a phantom
  2179 | D:4      | Gained mutation: You regenerate magic rapidly. [demonic
                  | ancestry]
  2179 | D:4      | Reached XP level 6. HP: 44/44 MP: 6/6
  2499 | D:4      | Noticed Sigmund
  2540 | D:4      | Killed Sigmund
  2541 | D:4      | Reached skill level 7 in Staves
  2682 | D:4      | Found a basalt altar of Yredelemnul.
  2717 | D:4      | Gained mutation: When hurt, damage is shared between your
                  | health and your magic reserves. [demonic ancestry]
  2717 | D:4      | Reached XP level 7. HP: 38/50 MP: 7/7
  3517 | D:5      | Entered Level 5 of the Dungeon
  3698 | D:5      | Reached skill level 8 in Staves
  4052 | D:5      | Reached skill level 9 in Staves
  4052 | D:5      | Reached XP level 8. HP: 53/56 MP: 8/8
  4238 | D:5      | Found a runed translucent door.
  4243 | D:5      | Noticed Takeo's ghost (weakling SpDe)
  4697 | D:5      | Killed Takeo's ghost
  4850 | D:6      | Noticed Prince Ribbit
  4872 | D:6      | Killed Prince Ribbit
  4873 | D:6      | Reached skill level 10 in Staves
  4968 | D:6      | Found an ornate altar of the Wu Jian Council.
  5024 | D:6      | Found a hide-covered altar of Uskayaw.
  5024 | D:6      | Found a blossoming altar of Fedhas.
  5744 | D:6      | Noticed Maggie
  5766 | D:6      | Reached skill level 11 in Staves
  5779 | D:6      | Slain by Maggie

Skill      XL: |  1  2  3  4  5  6  7  8 |
---------------+-------------------------+-----
Staves         | 3 4 5 6 7 9 11 | 11.0
Fighting       | |  2.0
Throwing       | |  1.7
Dodging        | |  2.6

Action                     |  1- 3 |  4- 6 |  7- 9 || total
---------------------------+-------+-------+-------++-------
  Melee: Quarterstaff      |   119 |   102 |   276 ||   497
  Throw: Throwing net      |       |     2 |     4 ||     6
         Javelin           |       |       |     1 ||     1
  Evoke: Wand              |       |       |     7 ||     7
    Use: Scroll            |     7 |     4 |     7 ||    18
         Potion            |       |     3 |    11 ||    14
   Stab: Held in net/web   |       |       |     1 ||     1
         Invisible         |       |       |     3 ||     3
 Armour: Leather armour    |    56 |    29 |    11 ||    96
         Skin              |       |    10 |       ||    10
         Ring mail         |       |       |   119 ||   119
  Dodge: Dodged            |   103 |    35 |   128 ||   266

Levels and vault maps discovered:
D:1:      dpeg_arrival_connections, layout_rooms,
          hellmonk_ecumenical_altar_arch_garden, kennysheep_boxes
D:2:      layout_loops_ring, serial_shops, nicolae_diamond_shop
D:3:      layout_loops_cross, mainiacjoe_overflow_chevrons,
          mainiacjoe_overflow_paths
D:4:      layout_layer_cave, mainiacjoe_overflow_24_doors, uniq_sigmund
D:5:      minmay_bubble_buster, layout_loops_ring, ebering_ghost_sewer_d
D:6:      wad_river_or_something, layout_loops_ring,
          nicolae_overflow_crystal_walls, lemuel_round_altar,
          gammafunk_temple_overflow_statue,
          minmay_temple_entry_statues_fountains, kennysheep_generic_room_9,
          uniq_prince_ribbit1, uniq_maggie
